 Dungeon Crawl Stone Soup version 0.30-a0-451-ge042605de7 (webtiles) character file.

Game seed: 17925400526296829211

54344 experimilk the Eclecticist (level 14, 83/83 HPs)
             Began as a Purple Draconian Conjurer on Dec 11, 2022.
             Was a High Priest of Hepliaklqana.
             Quit the game on level 5 of the Lair of Beasts.
             The game lasted 02:04:43 (22452 turns).

experimilk the Eclecticist (DrCj)                  Turns: 22452, Time: 02:04:44

Health: 83/83      AC: 13    Str: 10    XL:     14   Next: 34%
Magic:  28/42      EV: 12    Int: 22    God:    Hepliaklqana [*****.]
Gold:   1535       SH:  0    Dex: 11    Spells: 13/43 levels left

rFire   . . .      SeeInvis +    h - +1 dagger (venom)
rCold   . . .      Faith    .    (no shield)
rNeg    . . .      Spirit   .    (body armour unavailable)
rPois   .          Reflect  .    k - +2 hat {SInv}
rElec   .          Harm     .    D - +2 cloak
rCorr   .          Rampage  .    (no gloves)
Will    +++..                    (no boots)
Stlth   ++........               R - amulet of regeneration
HPRegen 1.13/turn                c - ring of magical power
MPRegen 0.28/turn                n - ring of willpower

@: no status effects
A: reduced essence, breathe power, AC +8, unfitting armour, cold-blooded
a: Breathe Dispelling Energy, Renounce Religion, Recall Ancestor, Ancestor
Identity, Transference, Idealise


You were on level 5 of the Lair of Beasts.
You worshipped Hepliaklqana.
Hepliaklqana was extremely pleased with you.
You visited 2 branches of the dungeon, and saw 14 of its levels.
You also visited: Sewer and Bailey.

You collected 1535 gold pieces.

Inventory:

Hand Weapons
 h - a +1 dagger of venom (weapon)
 t - a +0 spear
 N - a +6 halberd
Missiles
 z - 3 throwing nets
Armour
 k - a +2 hat of see invisible (worn)
 D - a +2 cloak (worn)
Jewellery
 c - a ring of magical power (left hand)
 e - an amulet of faith
 j - a ring of see invisible
 m - a ring of protection from cold
 n - a ring of willpower (right hand)
 B - a ring of protection from fire
 E - a ring of flight
 O - a ring of fire
 R - an amulet of regeneration (around neck)
 S - a ring of resist corrosion
 U - an amulet of reflection
Wands
 A - a wand of flame (15)
 F - a wand of charming (10)
 K - a wand of acid (9)
 L - a wand of mindburst (11)
Scrolls
 b - 2 scrolls of silence
 f - 2 scrolls of fog
 i - a scroll of torment
 l - 3 scrolls of summoning
 o - 4 scrolls of teleportation
 q - 2 scrolls of magic mapping
 s - 2 scrolls of poison
 v - a scroll of amnesia
 w - 3 scrolls of enchant weapon
 y - 2 scrolls of blinking
 H - a scroll of brand weapon {unknown}
 I - 3 scrolls of immolation
Potions
 a - a potion of resistance
 d - 6 potions of flight
 g - 2 potions of berserk rage
 p - 3 potions of mutation
 r - 2 potions of brilliance
 u - a potion of ambrosia
 x - 4 potions of heal wounds
 G - a potion of degeneration {unknown}
 J - 2 potions of magic
 P - a potion of cancellation {unknown}
 Q - a potion of attraction {unknown}
 T - a potion of invisibility {unknown}
 V - a potion of curing
Miscellaneous
 M - a phial of floods


   Skills:
 - Level 2.2 Dodging
 - Level 1.7 Stealth
 - Level 15.3 Spellcasting
 - Level 15.0 Conjurations
 - Level 15.0 Hexes
 - Level 3.0 Translocations
 * Level 2.8 Air Magic
 - Level 6.0 Invocations
 - Level 3.0 Evocations


You had 13 spell levels left.
You knew the following spells:

 Your Spells              Type           Power      Damage    Failure   Level
a - Dazzling Flash        Conj/Hex       100%       N/A       1%          3
b - Magic Dart            Conj           100%       1d8       0%          1
c - Fulminant Prism       Conj/Hex       35%        3d17      1%          4
d - Inner Flame           Hex/Fire       49%        N/A       1%          3
f - Sticky Flame          Conj/Fire      49%        2d7       1%          4
o - Silence               Hex/Air        27%        N/A       2%          5
q - Summon Lightning Spi  Summ/Air       23%        N/A       21%         4
x - Iskenderun's Mystic   Conj/Tloc      54%        2d12      1%          4
z - Searing Ray           Conj           100%       2d8       0%          2

Your spell library contained the following spells:

 Spells                   Type           Power      Damage    Failure   Level
 Mephitic Cloud           Conj/Pois/Air  42%        N/A       1%          3
 Flame Wave               Conj/Fire      49%        2d12      1%          4
 Kindle Blastsparks       Fire/Tloc/Air  50%        2d14      4%          3
 Call Imp                 Summ           16%        N/A       5%          2
 Freezing Cloud           Conj/Ice/Air   21%        6-21      9%          5
 Ignite Poison            Fire/Tmut/Pois 16%        N/A       11%         3
 Animate Dead             Necr           16%        N/A       34%         4
 Agony                    Necr           16%        N/A       69%         5
 Haunt                    Necr/Summ      8%         N/A       100%        7
 Storm Form               Tmut/Air       11%        N/A       100%        7
 Infestation              Necr           8%         N/A       100%        8
 Maxwell's Capacitive Co  Air            14%        ∞         100%        8


Dungeon Overview and Level Annotations

Branches:
Dungeon (9/15)             Temple (0/1) D:6            Lair (5/5) D:9
  Swamp (0/4) Lair:3       Spider (0/4) Lair:3        Slime (0/5) Lair:5
    Orc (0/2) D:9           Sewer (visited)          Bailey (visited)

Altars:
Fedhas
Hepliaklqana
Trog


Innate Abilities, Weirdness & Mutations

Your life essence is reduced to manifest your ancestor. (-10% HP)
You can breathe bolts of dispelling energy.
Your rich purple scales are hard. (AC +8)
You cannot fit into any form of body armour.
You are cold-blooded and may be slowed by cold attacks.


Message History

Tochtli hits the yak with a +0 flail!
The dream sheep barely misses you.
Tochtli blocks the yak's attack.
The yak gores you.
You hit the yak.
The yak looks as sick as possible!
You tail-slap the yak, but do no damage.
The yak is almost dead.
Tochtli blocks the dream sheep's attack.
Tochtli hits the dream sheep with a +0 flail!
The dream sheep dies!
The dream sheep shakes its wool and sparkles.
You feel drowsy...
You fall asleep.
Tochtli blocks the yak's attack.
The yak gores you.
You wake up.
You hit the yak.
You kill the yak!
Tochtli hits the yak with a +0 flail!
The yak dies!
The dream sheep barely misses you.
You barely miss the dream sheep.
The dream sheep bites you but does no damage.
You barely miss the dream sheep. You tail-slap the dream sheep.
The dream sheep is lightly wounded.
Tochtli hits the dream sheep with a +0 flail.
The dream sheep bites you but does no damage.
You barely miss the dream sheep.
The dream sheep is moderately wounded.
Tochtli hits the dream sheep with a +0 flail.
The dream sheep bites you!
You hit the dream sheep.
The dream sheep is poisoned.
The dream sheep is heavily wounded.
Tochtli hits the dream sheep with a +0 flail.
The dream sheep dies!
You see here a dream sheep corpse.
You start resting.
You start resting.
HP restored.
You start resting.
Ancestor HP restored.
You start resting.
A water moccasin comes into view.
A water moccasin is nearby!
Are you sure you want to abandon this character and quit the game? (Confirm with "yes".)

#.......###...~.~♣
.........###..~P~~♣♣
#..........#..P~~~~~
##.......##.S..~~♣~~
#.........#...~~≈~Y.
##........†..~~~♣~..
#........R†...~~~.Y.
##........##..#~♣~...
#.......@†....#.~~~~#
##.............~~~~#.
#...........P....~##
###.......#..#.#.#~
#P.......########
#........##
#.........##
#........#.#
##.....<..##


You could see the friendly Tochtli the knight and a water moccasin (ally
target).

Vanquished Creatures
  A hydra (Lair:4)
  9 death yaks
  A boulder beetle (Lair:4)
  Sonja (Lair:1)
  A sea snake (Lair:5)
  A lindwurm (Lair:4)
  A harpy (Lair:5)
  A wolf spider (Lair:4)
  2 oklob plants (Lair:5)
  7 elephants
  A black mamba (Lair:5)
  Maurice (D:8)
  7 cane toads
  A torpor snail (Lair:5)
  Psyche (D:8)
  7 komodo dragons
  2 rime drakes (Lair:5)
  2 polar bears
  Grinder (D:3)
  2 hornets (Lair:5)
  19 blink frogs
  3 dream sheep (Lair:5)
  A tarantella (Lair:4)
  A snapping turtle (Lair:5)
  A jumping spider (Lair:4)
  2 wyverns
  A basilisk (Lair:5)
  Eustachio (D:6)
  3 steam dragons
  32 yaks
  A redback (Lair:4)
  9 water moccasins
  7 orc warriors
  3 black bears
  13 wolves
  3 centaurs
  Blork the orc (D:5)
  A kobold brigand (D:9)
  7 bullfrogs
  2 scorpions
  5 wights
  3 killer bees (D:8)
  An electric eel (Lair:4)
  5 howler monkeys
  3 lava snakes (Lair:4)
  Crazy Yiuf (D:5)
  11 orc priests
  3 hounds
  A gnoll bouda (D:4)
  2 iguanas
  13 gnolls
  5 adders
  A shadow imp (D:4)
  2 white imps
  9 worms
  4 dart slugs
  25 orcs
  5 ball pythons
  14 bats
  7 endoplasms
  6 giant cockroaches
  9 goblins
  9 hobgoblins
  5 jackals
  9 quokkas
  3 frilled lizards
  25 kobolds
  12 rats
  A fulminant prism (Lair:5)
360 creatures vanquished.

Vanquished Creatures (collateral kills)
  Gastronok (Lair:1)
  A hydra (Lair:4)
  3 boulder beetles (Lair:4)
  4 death yaks
  Amaemon (Lair:1)
  An orb spider (Lair:3)
  2 bog bodies (Lair:3)
  A lindwurm (Lair:4)
  An orc knight (Bailey)
  3 elephants (Lair:4)
  A torpor snail (Lair:5)
  A black mamba (Lair:5)
  5 cane toads
  An orange demon (Lair:1)
  4 rime drakes
  Maggie (D:7)
  A komodo dragon (D:9)
  A troll (D:9)
  A polar bear (Lair:5)
  Prince Ribbit (D:8)
  A hornet (Lair:5)
  5 blink frogs
  2 dream sheep (Lair:5)
  A snapping turtle (Lair:5)
  11 yaks
  A wyvern (D:9)
  A basilisk (D:9)
  A steam dragon (Lair:5)
  An acid dragon (D:9)
  7 water moccasins
  An orc warrior (D:6)
  A sky beast (D:7)
  Pargi (Sewer)
  A black bear (Lair:3)
  A centaur (D:9)
  6 wolves
  2 bullfrogs
  6 wights
  3 killer bees (D:8)
  An electric eel (Lair:4)
  2 howler monkeys
  A gnoll bouda (D:5)
  2 orc priests
  4 hell rats (Lair:2)
  3 orc wizards
  A gnoll (D:5)
  2 adders
  3 worms
  6 orcs
  A hobgoblin (Bailey)
  6 kobolds
  3 goblins (Bailey)
  A rat (D:6)
124 creatures vanquished.

Vanquished Creatures (others)
  7 knights
  3 ancestors (D:5)
  6 bushes (Lair:1)
  31 fulminant prisms
  49 fungi
  132 plants
228 creatures vanquished.

Grand Total: 712 creatures vanquished

Notes
Turn   | Place    | Note
-------+----------+-------------------------------------------
     0 | D:1      | experimilk the Draconian Conjurer began the quest for the
                  | Orb.
     0 | D:1      | Reached XP level 1. HP: 14/14 MP: 3/3
   200 | D:1      | Reached XP level 2. HP: 20/20 MP: 3/5
   234 | D:1      | Learned a level 2 spell: Searing Ray
  1056 | D:2      | Reached skill level 5 in Conjurations
  1097 | D:2      | Reached XP level 3. HP: 26/26 MP: 0/6
  1539 | D:2      | Found a hazy altar of Hepliaklqana.
  2204 | D:2      | Reached XP level 4. HP: 33/33 MP: 3/7
  2463 | D:2      | Became a worshipper of Hepliaklqana the Forgotten
  2784 | D:3      | Noticed Grinder
  2795 | D:3      | Paralysed by Grinder for 2 turns
  2805 | D:3      | Killed Grinder
  2806 | D:3      | Reached XP level 5. HP: 30/38 MP: 3/8
  2806 | D:3      | Reached XP level 6. HP: 36/45 MP: 3/9
  2867 | D:3      | Learned a level 4 spell: Iskenderun's Mystic Blast
  4019 | D:4      | Reached * piety under Hepliaklqana
  4244 | D:4      | Found a blossoming altar of Fedhas.
  4324 | D:4      | Your scales start taking on a rich purple colour.
  4324 | D:4      | Reached XP level 7. HP: 45/45 MP: 0/10
  4766 | D:4      | Learned a level 3 spell: Dazzling Flash
  5133 | D:5      | Entered Level 5 of the Dungeon
  5209 | D:5      | Reached skill level 1 in Hexes
  5621 | D:5      | Found a glowing drain.
  5635 | Sewer    | Entered a sewer
  5745 | Sewer    | Noticed Pargi
  5756 | Sewer    | Killed Pargi
  6012 | D:5      | Reached XP level 8. HP: 51/51 MP: 10/12
  6105 | D:5      | Found a runed translucent door.
  6106 | D:5      | Noticed Crazy Yiuf
  6307 | D:5      | Reached skill level 10 in Conjurations
  6312 | D:5      | Noticed Blork the orc
  6325 | D:5      | Killed Blork the orc
  6861 | D:5      | Killed Crazy Yiuf
  6988 | D:6      | Reached ** piety under Hepliaklqana
  6989 | D:6      | Remembered your ancestor Tochtli as a knight
  7134 | D:6      | Found a staircase to the Ecumenical Temple.
  7141 | D:6      | Noticed Eustachio
  7154 | D:6      | Killed Eustachio
  7248 | D:6      | Reached XP level 9. HP: 48/55 MP: 13/13
  7256 | D:6      | Learned a level 4 spell: Fulminant Prism
  7761 | D:6      | Noticed a moth of wrath
  7769 | D:6      | Found a bloodstained altar of Trog.
  8274 | D:7      | Identified the +2 robe "Nisomein" {rPois Regen+ rCorr
                  | Int+2}
  8296 | D:7      | Found a flagged portal.
  8307 | D:7      | Reached skill level 1 in Translocations
  8314 | Bailey   | Entered a bailey
  8382 | Bailey   | Noticed an orc knight
  8604 | Bailey   | Killed an orc knight
  8605 | Bailey   | Reached skill level 5 in Hexes
  9160 | D:7      | Identified the +5 scale mail "Ohaunino" {rPois rCorr Str+4}
  9222 | D:7      | Reached skill level 5 in Spellcasting
  9270 | D:7      | Reached *** piety under Hepliaklqana
  9325 | D:7      | Noticed Maggie
  9335 | D:7      | Killed Maggie
  9336 | D:7      | Reached skill level 1 in Invocations
  9762 | D:8      | Noticed Prince Ribbit
  9774 | D:8      | Killed Prince Ribbit
  9775 | D:8      | Reached XP level 10. HP: 62/62 MP: 18/18
  9953 | D:8      | Noticed Psyche
  9959 | D:8      | Killed Psyche
 10091 | D:8      | Identified the +5 falchion of Heegh {venom, Fragile rF+
                  | Str+2 Dex+4}
 10246 | D:8      | Noticed Maurice
 10253 | D:8      | Killed Maurice
 10534 | D:8      | Reached skill level 1 in Evocations
 11686 | D:9      | Found a staircase to the Lair.
 11809 | D:9      | Reached skill level 5 in Invocations
 11809 | D:9      | Reached XP level 11. HP: 66/66 MP: 18/23
 11954 | D:9      | Found a staircase to the Orcish Mines.
 12149 | D:9      | Identified the +1 chain mail of Bad Feelings {SInv}
 12235 | D:9      | Reached **** piety under Hepliaklqana
 12497 | Lair:1   | Entered Level 1 of the Lair of Beasts
 12853 | D:9      | Learned a level 3 spell: Inner Flame
 12859 | Lair:1   | Noticed Amaemon
 14151 | Lair:1   | Killed Amaemon
 14429 | Lair:1   | Reached skill level 10 in Spellcasting
 14429 | Lair:1   | Reached skill level 10 in Hexes
 14633 | Lair:1   | Noticed Gastronok
 14662 | Lair:1   | Noticed Sonja
 14687 | Lair:1   | Killed Sonja
 14807 | Lair:1   | Killed Gastronok
 15729 | Lair:2   | Reached XP level 12. HP: 61/72 MP: 12/26
 16109 | Lair:2   | Learned a level 4 spell: Sticky Flame
 16116 | Lair:2   | Reached ***** piety under Hepliaklqana
 16563 | Lair:2   | Learned a level 5 spell: Silence
 16919 | Lair:3   | Noticed a death yak
 16919 | Lair:3   | Noticed a death yak
 16920 | Lair:3   | Noticed a death yak
 16921 | Lair:3   | Noticed a death yak
 16921 | Lair:3   | Noticed a death yak
 16923 | Lair:3   | Noticed a death yak
 16928 | Lair:3   | Killed a death yak
 16928 | Lair:3   | Killed a death yak
 16932 | Lair:3   | Killed a death yak
 16936 | Lair:3   | Killed a death yak
 16936 | Lair:3   | Killed a death yak
 16939 | Lair:3   | Killed a death yak
 17380 | Lair:3   | Found a hole to the Spider Nest.
 17720 | Lair:3   | Found a staircase to the Swamp.
 18321 | Lair:4   | Reached XP level 13. HP: 77/77 MP: 23/29
 18903 | Lair:4   | Found a runed translucent door.
 20430 | Lair:4   | Found a runed translucent gate.
 20431 | Lair:4   | Identified the +1 whip "Wamac" {vorpal, Contam Fly rPois}
 20432 | Lair:4   | Found a runed translucent gate.
 20435 | Lair:4   | Found a runed translucent gate.
 20435 | Lair:4   | Found a runed translucent gate.
 20435 | Lair:4   | Found a runed translucent gate.
 20436 | Lair:4   | Found a runed translucent gate.
 20458 | Lair:4   | Reached skill level 15 in Conjurations
 20462 | Lair:4   | HP: 3/77 [boulder beetle (19)]
 20870 | Lair:5   | Entered Level 5 of the Lair of Beasts
 21580 | Lair:5   | Reached XP level 14. HP: 51/83 MP: 25/32
 21879 | Lair:5   | Found a staircase to the Slime Pits.
 22198 | Lair:5   | Reached skill level 15 in Spellcasting
 22198 | Lair:5   | Reached skill level 15 in Hexes
 22198 | Lair:5   | Upgraded the game from 0.30-a0-439-g9e77e4d916 to
                  | 0.30-a0-451-ge042605de7
 22294 | Lair:5   | Learned a level 4 spell: Summon Lightning Spire
 22348 | Lair:5   | Reached skill level 1 in Air Magic
 22452 | Lair:5   | Quit the game

Illustrated notes

Levels and vault maps discovered:
D:1:      dpeg_arrival_arbitrary_c, layout_loops_ring,
          minmay_misc_feat_four_crosses
D:2:      layout_basic, basic_altar, minivault_27
D:3:      layout_basic, uniq_grinder
D:4:      layout_gridville, fedhas_altar_2
D:5:      layout_basic, cheibrodos_sewer_entry_sluice, nrook_uturn,
          nicolae_wormholes, uniq_crazy_yiuf_cottage, uniq_blork_the_orc
D:6:      layout_basic, tgw_trog, temple_green, serial_aquarium,
          aquarium_bridge_square [aquarium_subvault_window,
          aquarium_subvault_wall, aquarium_subvault_window,
          aquarium_subvault_bridge], aquarium_window_1, aquarium_window_fake,
          aquarium_window_3, aquarium_view_2d, aquarium_view_2a,
          aquarium_pool_1, minmay_misc_feat_pillars, uniq_eustachio
D:7:      layout_gridville, enter_bailey_5, uniq_maggie
D:8:      layout_basic, uniq_maurice, uniq_prince_ribbit1, uniq_psyche
D:9:      layout_roguey, erik_lair_dragon, minmay_orc_entry_temple_small
Lair:1:   layout_layer_cave, minmay_hedge_maze, roderic_batcave,
          grunt_megastairs_1, uniq_sonja, uniq_gastronok, uniq_amaemon
Lair:2:   layout_chaotic_city
Lair:3:   layout_chaotic_city, skrybe_swamp_entry_bodies,
          nicolae_spider_entry_orb_guardian
Lair:4:   gammafunk_indiana_jones, layout_gridlike, serial_bayou,
          serial_bayou_shore_a, serial_bayou_shore_b, serial_bayou_pond_d,
          serial_bayou_pond_c
Lair:5:   gammafunk_lair_ancient_temple, layout_big_grid,
          minmay_slime_entry_oklob_open, serial_bayou_lagoon_a

Skill      XL: |  1  2  3  4  5  6  7  8  9 10 11 12 13 14 |
---------------+-------------------------------------------+-----
Conjurations   | 5 7 8 9 11 12 13 14 15 | 15.0
Hexes          | 2 3 7 9 10 12 14 15 | 15.0
Spellcasting   | 3 5 8 10 12 14 15 | 15.3
Translocations | 3 |  3.0
Invocations    | 2 5 6 |  6.0
Evocations     | 3 |  3.0
Dodging        | 2 |  2.2
Air Magic      | 2 |  2.8
Stealth        | |  1.7

Action                   |  1- 3 |  4- 6 |  7- 9 | 10-12 | 13-15 || total
-------------------------+-------+-------+-------+-------+-------++-------
Melee: Whip              |    12 |       |       |       |       ||    12
       Dagger            |       |    10 |       |       |    12 ||    22
       Spear             |       |     9 |    39 |       |       ||    48
       Tailslap          |       |     2 |     1 |     2 |    18 ||    23
       Halberd           |       |       |       |    84 |    91 ||   175
 Cast: Magic Dart        |    78 |    69 |   140 |   117 |    86 ||   490
       Searing Ray       |     3 |    15 |    60 |    56 |    30 ||   164
       Dazzling Flash    |       |       |     5 |    16 |    18 ||    39
       Fulminant Prism   |       |       |     3 |     7 |    22 ||    32
       Iskenderun's Myst |       |       |     1 |    48 |    62 ||   111
       Inner Flame       |       |       |       |    10 |    13 ||    23
       Sticky Flame      |       |       |       |     3 |    13 ||    16
       Silence           |       |       |       |     1 |       ||     1
       Summon Lightning  |       |       |       |       |     2 ||     2
Invok: Recall Ancestor   |       |       |     1 |     1 |       ||     2
       Ancestor Life: Kn |       |       |     1 |       |       ||     1
       Transference      |       |       |       |     2 |     2 ||     4
 Abil: Breathe Dispellin |       |       |    19 |    22 |    20 ||    61
Evoke: Wand              |       |       |     1 |     1 |     4 ||     6
       Phial of floods   |       |       |       |     2 |     1 ||     3
  Use: Scroll            |       |     5 |     3 |    14 |     5 ||    27
       Potion            |       |     1 |     2 |     4 |     7 ||    14
 Stab: Invisible         |       |       |     1 |     2 |     1 ||     4
       Distracted        |       |       |       |     1 |     1 ||     2
       Fleeing           |       |       |       |       |     1 ||     1
Armor: Skin              |     8 |       |    11 |    35 |    56 ||   110
Dodge: Dodged            |    22 |    15 |    28 |    96 |    74 ||   235

Table legend: (Time is in decaauts)
 A = Elapsed time spent in this place.
 B = Non-inter-level travel time spent in this place.
 C = Inter-level travel time spent in this place.
 D = Time resting spent in this place.
 E = Time spent auto-exploring this place.
 F = Levels seen in this place.
 G = Mean time per level.
                   A        B        C        D        E       F      G
               +--------+--------+--------+--------+--------+-----+--------+
         Total |  22589 |  22029 |    560 |   7447 |  11283 |  16 | 1411.8 |
       Dungeon |  12954 |  12510 |    444 |   3139 |   8068 |   9 | 1439.3 |
          Lair |   8468 |   8352 |    116 |   3811 |   2917 |   5 | 1693.6 |
         Sewer |    318 |    318 |      0 |     97 |    181 |   1 |  318.0 |
        Bailey |    847 |    847 |      0 |    400 |    117 |   1 |  847.0 |
               +--------+--------+--------+--------+--------+-----+--------+

Top non-repeatable levels by time:
     D:9: 3056 daAuts
  Lair:4: 2671 daAuts
  Lair:5: 1620 daAuts
  Lair:1: 1611 daAuts
     D:4: 1552 daAuts
  Lair:3: 1508 daAuts
     D:2: 1476 daAuts
     D:8: 1346 daAuts
     D:5: 1315 daAuts
     D:3: 1234 daAuts
     D:6: 1121 daAuts
  Lair:2: 1057 daAuts
     D:1: 1003 daAuts
     D:7: 848 daAuts
  Bailey: 847 daAuts
